 Dungeon Crawl Stone Soup version 0.30-a0-222-ge547ba4400 (webtiles) character file.

Game seed: 4413800937546213081

174 Bnni the Shield-Bearer (level 5, -2/43 HPs)
             Began as a Formicid Fighter on Oct 9, 2022.
             Slain by a gnoll
             ... wielding a +0 spear
              (8 damage)
             ... on level 3 of the Dungeon.
             The game lasted 00:02:42 (1751 turns).

Bnni the Shield-Bearer (Formicid Fighter)           Turns: 1751, Time: 00:02:43

Health: -2/43      AC: 12    Str: 22    XL:     5   Next: 84%
Magic:  5/5        EV:  7    Int:  8    God:
Gold:   119        SH:  5    Dex: 13    Spells: 4/4 levels left

rFire   . . .      SeeInvis +    a - +0 trident
rCold   . . .      Faith    .    c - +0 buckler
rNeg    + . .      Spirit   .    q - +3 chain mail {rN+}
rPois   .          Reflect  .    (helmet unavailable)
rElec   .          Harm     .    (no cloak)
rCorr   .          Rampage  .    (no gloves)
Will    .....                    (no boots)
Stlth   ..........               (no amulet)
HPRegen 0.27/turn                (no ring)
MPRegen 0.09/turn                (no ring)

@: mighty
A: permanent stasis, dig shafts and tunnels, antennae 3, four strong arms
a: Dig, Shaft Self


You were on level 3 of the Dungeon.
You visited 1 branch of the dungeon, and saw 3 of its levels.

You collected 119 gold pieces.

Inventory:

Hand Weapons
 a - a +0 trident (weapon)
 p - a +2 hand axe of flaming
Missiles
 i - 4 poisoned darts
 j - 6 javelins
Armour
 c - a +0 buckler (worn)
 q - a +3 chain mail of positive energy (worn)
Scrolls
 b - a scroll of amnesia {unknown}
 e - a scroll of magic mapping {unknown}
 g - a scroll of vulnerability {unknown}
 k - a scroll of blinking {unknown}
 m - a scroll of brand weapon {unknown}
 n - a scroll of poison {unknown}
 r - a scroll of enchant weapon {unknown}
 s - a scroll of fear {unknown}
 t - a scroll of immolation {unknown}
Potions
 f - a potion of resistance {unknown}
 h - 2 potions of attraction {unknown}
 l - a potion of invisibility {unknown}
 o - a potion of curing {unknown}


   Skills:
 + Level 4.4 Fighting
 * Level 4.3 Polearms
 - Level 3.2 Armour
 - Level 5.0 Shields


You had 4 spell levels left.
You didn't know any spells.
Your spell library contained the following spells:

 Spells                   Type           Power      Damage    Failure   Level
 Summon Small Mammal      Summ           0%         N/A       99%         1
 Momentum Strike          Conj/Tloc      0%         3d8       100%        2
 Call Canine Familiar     Summ           0%         N/A       100%        3
 Lesser Beckoning         Tloc           0%         N/A       100%        3
 Summon Guardian Golem    Hex/Summ       0%         N/A       100%        3
 Blink                    Tloc           Unusable   N/A       N/A         2

Dungeon Overview and Level Annotations

Branches:
Dungeon (3/15)

Altars:
Zin


Innate Abilities, Weirdness & Mutations

You cannot be hasted, slowed, berserked, paralysed or teleported.
You can dig through walls and to a lower floor.
You have a pair of large antennae on your head. (SInv)
Your four strong arms can wield two-handed weapons with a shield.


Message History

Reach: a) +0 trident
Press: ? - help, Dir - move target, f/p - gnoll
Aim: a gnoll, wielding a +2 vorpal spear (about 36% to evade your +0 trident)
You reach to attack!
You hit the gnoll.
The gnoll is lightly wounded.
The gnoll hits you but does no damage.
Unknown command.
Reach: a) +0 trident
Press: ? - help, Dir - move target, f/p - gnoll
Aim: a gnoll, wielding a +2 vorpal spear (lightly wounded, about 36% to evade your +0 trident)
You reach to attack!
You hit the gnoll.
The gnoll is lightly wounded.
The gnoll hits you but does no damage.
You feel very mighty all of a sudden.
The gnoll hits you from afar with a +2 vorpal spear!
* * * LOW HITPOINT WARNING * * *
x2 Reach: a) +0 trident
Press: ? - help, Dir - move target, f/p - gnoll
Aim: a gnoll, wielding a +2 vorpal spear (lightly wounded, about 36% to evade your +0 trident)
You reach to attack!
You puncture the gnoll!
You kill the gnoll!
Unknown command.
Reach: a) +0 trident
Press: ? - help, Dir - move target, f - gnoll
Aim: a gnoll, wielding a +0 spear (about 36% to evade your +0 trident)
You reach to attack!
You barely miss the gnoll. The gnoll barely misses you.
Unknown command.
Reach: a) +0 trident
Press: ? - help, Dir - move target, f/p - gnoll
Aim: a gnoll, wielding a +0 spear (about 36% to evade your +0 trident)
You reach to attack!
You puncture the gnoll!
The gnoll is almost dead.
The gnoll hits you but does no damage.
Reach: a) +0 trident
Press: ? - help, Dir - move target, f/p - gnoll
Aim: a gnoll, wielding a +0 spear (almost dead, about 36% to evade your +0 trident)
You reach to attack!
You barely miss the gnoll.
The gnoll is almost dead.
The gnoll hits you from afar with a +0 spear!
You die...

#########
##<.......
##..####### .
##.#.#####
....####.###....#
.....(..## ##.#@#
#..#####.###.##.#
##.#.###g##
##....[†)...#
######.##### #.#
#.# ..# .$.


You could see a gnoll.

Vanquished Creatures
  Jessica (D:2)
  Terence (D:2)
  2 gnolls (D:3)
  6 adders
  5 bats
  4 endoplasms
  4 goblins
  5 hobgoblins
  6 jackals
  2 kobolds (D:2)
  A quokka (D:1)
  5 ball pythons
  3 frilled lizards
  5 rats
50 creatures vanquished.

Notes
Turn   | Place    | Note
-------+----------+-------------------------------------------
     0 | D:1      | Bnni the Formicid Fighter began the quest for the Orb.
     0 | D:1      | Reached XP level 1. HP: 18/18 MP: 1/1
   185 | D:1      | Reached XP level 2. HP: 24/24 MP: 2/2
   595 | D:1      | Found a faded altar of an unknown god.
   722 | D:1      | Reached XP level 3. HP: 29/29 MP: 3/3
   861 | D:2      | Found a glowing silver altar of Zin.
   968 | D:2      | Reached XP level 4. HP: 34/37 MP: 4/4
  1133 | D:2      | Noticed Terence
  1142 | D:2      | Killed Terence
  1143 | D:2      | Reached XP level 5. HP: 3/42 MP: 5/5
  1313 | D:2      | Reached skill level 5 in Shields
  1389 | D:2      | Noticed Jessica
  1398 | D:2      | Killed Jessica
  1751 | D:3      | Slain by a gnoll

Illustrated notes

Levels and vault maps discovered:
D:1:      nicolae_arrival_somewhat_less_tricky_arrival, layout_loops_ring,
          dilly_ecumenical_altar_fadedgnrine, serial_bayou_ford_a
D:2:      layout_basic, basic_altar, uniq_terence, uniq_jessica
D:3:      layout_loops_corners, mainiacjoe_overflow_tiny_flanked, serial_shops,
          shop, minmay_misc_feat_tiny

Skill      XL: |  1  2  3  4  5 |
---------------+----------------+-----
Polearms       | 3 4 |  4.3
Fighting       | 4 |  4.4
Shields        | 5 |  5.0
Armour         | |  3.2

Action                   |  1- 3 |  4- 6 || total
-------------------------+-------+-------++-------
Melee: Trident           |    94 |    64 ||   158
       Hand axe          |       |    25 ||    25
  Use: Potion            |       |     1 ||     1
Armor: Scale mail        |    40 |    26 ||    66
       Chain mail        |       |    17 ||    17
Dodge: Dodged            |    34 |    32 ||    66
Block: Buckler           |    18 |    15 ||    33

Table legend: (Time is in decaauts)
 A = Elapsed time spent in this place.
 B = Non-inter-level travel time spent in this place.
 C = Inter-level travel time spent in this place.
 D = Time resting spent in this place.
 E = Time spent auto-exploring this place.
 F = Levels seen in this place.
 G = Mean time per level.
                   A        B        C        D        E       F      G
               +--------+--------+--------+--------+--------+-----+--------+
         Total |   1793 |   1762 |     31 |    137 |   1225 |   3 |  597.7 |
       Dungeon |   1793 |   1762 |     31 |    137 |   1225 |   3 |  597.7 |
               +--------+--------+--------+--------+--------+-----+--------+

Top non-repeatable levels by time:
     D:2: 975 daAuts
     D:1: 777 daAuts
     D:3: 40 daAuts
